 Seeded DCSS version 0.30-a0-177-g1cb5dbfd7a (webtiles) character file.

Game seed: 17698718518831330064 (custom seed)

1070 SigmundSlayer the Slicer (level 8, 58/58 HPs)
             Began as a Demonspawn Monk on Oct 2, 2022.
             Was a Follower of Cheibriados.
             Got out of the dungeon alive.
             The game lasted 00:05:25 (3895 turns).

SigmundSlayer the Slicer (Demonspawn Monk)          Turns: 3895, Time: 00:05:25

Health: 58/58      AC: 13    Str: 27    XL:     8   Next: 7%
Magic:  8/8        EV: 13    Int: 15    God:    Cheibriados [*.....]
Gold:   280        SH:  0    Dex: 25    Spells: 7/7 levels left

rFire   . . .      SeeInvis .    b - +10 short sword of Thoughtfulness {speed, Str+6 Dex+5}
rCold   . . .      Faith    .    (no shield)
rNeg    . . .      Spirit   .    n - +0 ring mail
rPois   +          Reflect  .    (helmet restricted)
rElec   .          Harm     .    z - scarf {repulsion}
rCorr   .          Rampage  .    l - +2 pair of gloves
Will    .....                    B - +0 pair of boots
Stlth   ++........               e - amulet of the acrobat
HPRegen 0.29/turn                j - +4 ring of slaying
MPRegen 0.11/turn                D - +6 ring of strength

@: repel missiles, very slow
A: horns 1, slimy green scales 3, spiny 1
a: Renounce Religion, Bend Time


You escaped.
You worshipped Cheibriados.
Cheibriados was aware of your devotion.
You visited 2 branches of the dungeon, and saw 8 of its levels.

You collected 280 gold pieces.

Inventory:

Hand Weapons
 b - the +10 short sword of Thoughtfulness (weapon) {speed, Str+6 Dex+5}
   (You found it on level 2 of the Dungeon)

   Attacks with this weapon are significantly faster.
   Str:       It affects your strength (+6).
   Dex:       It affects your dexterity (+5).
   Cheibriados disapproves of the use of such an item.
Armour
 l - a +2 pair of gloves (worn)
 n - a +0 ring mail (worn)
 z - a scarf of repulsion (worn)
 B - a +0 pair of boots (worn)
Jewellery
 e - an amulet of the acrobat (around neck)
 j - a +4 ring of slaying (left hand)
 D - a +6 ring of strength (right hand)
Wands
 y - a wand of polymorph (4)
Scrolls
 d - a scroll of amnesia {unknown}
 f - a scroll of fog {unknown}
 g - a scroll of enchant weapon {unknown}
 i - a scroll of magic mapping
 k - a scroll of teleportation {unknown}
 o - 2 scrolls of enchant armour {unknown}
 r - a scroll of vulnerability {unknown}
 t - a scroll of torment {unknown}
 C - a scroll of noise {unknown}
Potions
 a - a potion of lignification
 c - a potion of ambrosia
 m - 2 potions of brilliance
 p - 3 potions of attraction
 q - a potion of resistance
 s - 5 potions of curing {unknown}
 u - a potion of flight {unknown}
 v - a potion of heal wounds {unknown}
 w - a potion of berserk rage {unknown}
 x - a potion of experience {unknown}
 A - 3 potions of magic {unknown}


   Skills:
 - Level 3.0 Fighting
 + Level 9.1 Short Blades
 - Level 2.6 Dodging
 - Level 1.7 Stealth


You had 7 spell levels left.
You didn't know any spells.
Your spell library contained the following spells:

 Spells                   Type           Power      Damage    Failure   Level
 Kiss of Death            Conj/Necr      0%         2d5       38%         1
 Necrotise                Necr           0%         1d4       38%         1
 Sandblast                Erth           0%         2d4       38%         1
 Passwall                 Tmut/Erth      0%         N/A       52%         2
 Confusing Touch          Hex            0%         N/A       77%         3
 Portal Projectile        Hex/Tloc       0%         N/A       77%         3
 Stone Arrow              Conj/Erth      0%         3d7       77%         3
 Tukima's Dance           Hex            0%         N/A       77%         3
 Vampiric Draining        Necr           0%         2d6       77%         3
 Animate Armour           Summ/Erth      0%         N/A       99%         4
 Dispel Undead            Necr           0%         3d6       99%         4
 Agony                    Necr           0%         N/A       100%        5
 Blade Hands              Tmut           0%         N/A       100%        5
 Lehudib's Crystal Spear  Conj/Erth      0%         10d2      100%        8


Dungeon Overview and Level Annotations

Branches:
Dungeon (7/15)             Temple (1/1) D:6

Altars:
Ashenzari
Cheibriados
Dithmenos
Gozag
Hepliaklqana
Makhleb
Nemelex Xobeh
Okawaru
Qazlal
Ru
Trog
Uskayaw
Vehumet

Shops:
D:7 :

Portals:
Ossuary: D:6


Innate Abilities, Weirdness & Mutations

You have a pair of small horns on your head.
You are completely covered in slimy green scales. (AC +4, rPois)
You are partially covered in sharp spines.


Message History

Cheibriados appreciates the change of pace.
Your Short Blades skill increases to level 9!
You have reached level 8!
You feel stronger.
Your demonic ancestry asserts itself...
Slimy green scales cover your body completely.
You repel missiles.
Your movement speed is very slow.
Your attack delay is about 0.3.
Your damage rating with the +10 short sword of Thoughtfulness {speed, Str+6 Dex+5} is about 22 (Base 5 x 137% (Dex) x 123% (Skill) + 14 (Ench + Slay)).
Your base attributes are Str 12, Int 12, Dex 17.
You repel missiles.
Your movement speed is very slow.
Your attack delay is about 0.3.
Your damage rating with the +10 short sword of Thoughtfulness {speed, Str+6 Dex+5} is about 22 (Base 5 x 137% (Dex) x 123% (Skill) + 14 (Ench + Slay)).
Your base attributes are Str 12, Int 12, Dex 17.
You now have 280 gold pieces (gained 16).
(D) Dungeon (T) Temple
Where to? (Enter - D:6 @ (x,y), ? - help)
What level of the Dungeon? (default 1, ? - help)
There is a stone staircase leading up here.
You climb upwards.
There is a stone staircase leading down here.
There is a stone staircase leading up here.
You climb upwards.
There is a stone staircase leading down here.
There is a stone staircase leading up here.
You climb upwards.
There is a stone staircase leading down here.
There is a stone staircase leading up here.
You climb upwards.
There is a stone staircase leading down here.
There is a stone staircase leading up here.
You climb upwards.
There is a stone staircase leading down here.
You see here 6 stones.
You open the door.
There is an open door here.
There is a staircase leading out of the dungeon here.
Are you sure you want to leave the Dungeon?
This will make you lose the game!
Alright, then stay!
Are you sure you want to leave the Dungeon?
This will make you lose the game!
You have escaped!

.........### #...###. ...>.....#
######## #....... ........##
####......######.....† ........#
##............#####....
........###....####......# #'....
..).....##....#######....####....
#......###...##.....##....###....
#......###..###.##..###.(..##....
#.......##..###.@##..##....##....
##......###..#'###...##....##....
#.......##...###...###....##....
##......###........##....###....
#.......####....###.....##.....
##........########.....###.####
##.........####......## #.....
##........(........## #..### #
###.............### ###.....


There were no monsters in sight!

Vanquished Creatures
  The ghost of chamandro the Insei, an amateur OpTm (D:3)
  A sky beast (D:6)
  2 ice beasts
  A black bear (D:5)
  An ogre (D:5)
  A centaur (D:4)
  A scorpion (D:4)
  Jessica (D:3)
  3 iguanas
  2 orc wizards (D:7)
  9 adders
  3 worms
  3 dart slugs
  6 orcs
  7 ball pythons
  9 endoplasms
  6 giant cockroaches
  8 goblins
  8 hobgoblins
  9 jackals
  7 quokkas
  4 bats
  6 frilled lizards
  5 kobolds
  11 rats
115 creatures vanquished.

Notes
Turn   | Place    | Note
-------+----------+-------------------------------------------
     0 | D:1      | SigmundSlayer the Demonspawn Monk began the quest for the
                  | Orb.
     0 | D:1      | Reached XP level 1. HP: 18/18 MP: 1/1
   131 | D:1      | Reached skill level 3 in Short Blades
   184 | D:1      | Gained mutation: You are partially covered in slimy green
                  | scales. (AC +2) [demonic ancestry]
   184 | D:1      | Reached XP level 2. HP: 24/24 MP: 2/2
   633 | D:1      | Gained mutation: You are mostly covered in slimy green
                  | scales. (AC +3) [demonic ancestry]
   633 | D:1      | Reached XP level 3. HP: 29/29 MP: 3/3
   868 | D:1      | Reached skill level 4 in Short Blades
  1624 | D:2      | Identified the +10 short sword of Thoughtfulness {speed,
                  | Str+6 Dex+5}
  1699 | D:2      | Reached XP level 4. HP: 35/35 MP: 4/4
  1942 | D:3      | Noticed Jessica
  1942 | D:3      | Found a faded altar of an unknown god.
  1946 | D:3      | Killed Jessica
  2032 | D:3      | Found a large runed translucent door.
  2033 | D:3      | Found a large runed translucent door.
  2037 | D:3      | Noticed chamandro's ghost (amateur OpTm)
  2066 | D:3      | Reached skill level 5 in Short Blades
  2254 | D:3      | Gained mutation: You are partially covered in sharp spines.
                  | [demonic ancestry]
  2254 | D:3      | Reached XP level 5. HP: 41/41 MP: 5/5
  2803 | D:3      | Killed chamandro's ghost
  2804 | D:3      | Reached skill level 6 in Short Blades
  2804 | D:3      | Gained mutation: You have a pair of small horns on your
                  | head. [demonic ancestry]
  2804 | D:3      | Reached XP level 6. HP: 47/47 MP: 6/6
  3074 | D:4      | Reached skill level 7 in Short Blades
  3257 | D:4      | Noticed an ice beast
  3263 | D:4      | Killed an ice beast
  3264 | D:4      | Reached XP level 7. HP: 52/52 MP: 7/7
  3266 | D:4      | Found a shadowy altar of Dithmenos.
  3491 | D:5      | Entered Level 5 of the Dungeon
  3517 | D:5      | Reached skill level 8 in Short Blades
  3582 | D:5      | You fall into a shaft and drop 2 floors!
  3639 | D:7      | Found Ahodul Ohe's Vocational Training.
  3677 | D:6      | Found a staircase to the Ecumenical Temple.
  3716 | Temple   | Entered the Ecumenical Temple
  3724 | Temple   | Became a worshipper of Cheibriados the Contemplative
  3724 | Temple   | Reached * piety under Cheibriados
  3724 | Temple   | Reached ** piety under Cheibriados
  3745 | D:6      | Found a sand-covered staircase.
  3763 | D:6      | Reached skill level 9 in Short Blades
  3763 | D:6      | Gained mutation: You are completely covered in slimy green
                  | scales. (AC +4, rPois) [demonic ancestry]
  3763 | D:6      | Reached XP level 8. HP: 58/58 MP: 8/8
  3895 | D:$      | Got out of the dungeon alive.

Illustrated notes

Levels and vault maps discovered:
D:1:      dpeg_arrival_snail, layout_basic, chequers_big_river, nicolae_titane
D:2:      layout_loops_ring, basic_altar
D:3:      layout_basic, ebering_ghost_disaster_area, basic_ecumenical_altar,
          uniq_jessica
D:4:      layout_basic, nicolae_dithmenos_through_a_glass_darkly
D:5:      layout_rooms
D:6:      layout_rooms, minmay_temple_entry_stoned_glass, enter_ossuary_1,
          nicolae_concentric_dashed_squares_wild, minmay_misc_feat_alley,
          uniq_blork_the_orc
D:7:      layout_cave_pools, xom_confusion_cloud, zin_treasury,
          nicolae_shop_vocational
Temple:   nicolae_temple_x_marks_the_god

Skill      XL: |  1  2  3  4  5  6  7 |
---------------+----------------------+-----
Short Blades   | 3 4 5 6 7 9 |  9.1
Fighting       | |  3.0
Dodging        | |  2.6
Stealth        | |  1.7

Action                   |  1- 3 |  4- 6 |  7- 9 || total
-------------------------+-------+-------+-------++-------
Melee: Short sword       |   122 |    69 |    46 ||   237
       Punch             |     1 |       |       ||     1
       Headbutt          |       |     5 |    11 ||    16
  Use: Scroll            |       |     4 |     3 ||     7
 Stab: Sleeping          |    16 |     2 |       ||    18
Armor: Robe              |    26 |       |       ||    26
       Ring mail         |     1 |    11 |    13 ||    25
Dodge: Dodged            |    73 |    33 |    26 ||   132
       Repelled          |       |       |     2 ||     2

Table legend: (Time is in decaauts)
 A = Elapsed time spent in this place.
 B = Non-inter-level travel time spent in this place.
 C = Inter-level travel time spent in this place.
 D = Time resting spent in this place.
 E = Time spent auto-exploring this place.
 F = Levels seen in this place.
 G = Mean time per level.
                   A        B        C        D        E       F      G
               +--------+--------+--------+--------+--------+-----+--------+
         Total |   3885 |   3429 |    456 |      0 |   2714 |   8 |  485.6 |
       Dungeon |   3864 |   3425 |    439 |      0 |   2714 |   7 |  552.0 |
        Temple |     20 |      3 |     17 |      0 |      0 |   1 |   20.0 |
               +--------+--------+--------+--------+--------+-----+--------+

Top non-repeatable levels by time:
     D:1: 1380 daAuts
     D:3: 952 daAuts
     D:2: 703 daAuts
     D:4: 563 daAuts
     D:6: 98 daAuts
     D:7: 86 daAuts
     D:5: 80 daAuts
  Temple: 20 daAuts
